 Dungeon Crawl Stone Soup version 0.29.1-15-g9cfb28693d (webtiles) character file.

Game seed: 8232157016047171638

480 H0rd4k the Insei (level 7, -1/47 HPs)
             Began as an Octopode Artificer on Mar 7, 2023.
             Was an Initiate of Gozag.
             Succumbed to an orc wizard's poison
             ... on level 5 of the Dungeon.
             The game lasted 00:03:40 (4467 turns).

H0rd4k the Insei (Octopode Artificer)               Turns: 4467, Time: 00:03:41

Health: -1/47      AC:  1    Str: 11    XL:     7   Next: 12%
Magic:  11/11      EV: 13    Int: 16    God:    Gozag
Gold:   291        SH:  0    Dex: 12    Spells: 9/12 levels left

rFire   + + .      SeeInvis .     - Unarmed
rCold   . . .      Faith    .   (no shield)
rNeg    . . .      Spirit   .   (helmet restricted)
rPois   +          Reflect  .   h - amulet of regeneration
rElec   +          Harm     .   f - ring of fire
rCorr   +          Rampage  .   (no ring)
Will    .....                   (no ring)
Stlth   +++.......              (no ring)
HPRegen 0.95/turn               (no ring)
MPRegen 0.12/turn               (no ring)
                                (no ring)
                                (no ring)

@: mighty, lethally poisoned (-1 -> -9), resistant, gold aura
A: almost no armour, amphibious, 8 rings, camouflage 1, gelatinous body 1,
(nimble swimmer 1), tentacles
a: Renounce Religion, Potion Petition, Call Merchant, Bribe Branch


You were on level 5 of the Dungeon.
You worshipped Gozag.
Gozag was aware of your devotion.
You visited 1 branch of the dungeon, and saw 5 of its levels.

You collected 361 gold pieces.
You paid 70 gold pieces to Gozag.

Inventory:

Hand Weapons
 g - a +2 sling of freezing
Missiles
 u - 4 poisoned darts
Jewellery
 f - a ring of fire (left tentacle)
 h - an amulet of regeneration (around mantle)
Wands
 b - a wand of flame (11) (quivered)
 c - a wand of charming (3)
 d - a wand of iceblast (2)
 w - a wand of roots (5)
Scrolls
 i - a scroll of amnesia {unknown}
 j - 3 scrolls of identify {unknown}
 o - a scroll of butterflies {unknown}
 p - a scroll of poison {unknown}
 r - 2 scrolls of vulnerability {unknown}
 s - 2 scrolls of magic mapping {unknown}
 t - a scroll of teleportation {unknown}
 v - a scroll of blinking {unknown}
Potions
 k - a potion of magic {unknown}
 l - a potion of brilliance {unknown}
 m - a potion of attraction {unknown}
 n - a potion of curing {unknown}
 q - a potion of lignification {unknown}
 x - a potion of mutation {unknown}


   Skills:
 * Level 3.6 Fighting
 - Level 2.3 Dodging
 - Level 1.3 Stealth
 + Level 4.4 Unarmed Combat
 * Level 3.2 Spellcasting
 + Level 1.1 Air Magic
 - Level 3.2 Evocations


You had 9 spell levels left.
You knew the following spells:

 Your Spells              Type           Power      Damage    Failure   Level
a - Swiftness             Air            6%         N/A       34%         3

Your spell library contained the following spells:

 Spells                   Type           Power      Damage    Failure   Level
 Shock                    Conj/Air       16%        1d4       14%         1
 Airstrike                Air            3%         2d(1-17)  75%         4
 Petrify                  Tmut/Erth      2%         N/A       88%         4
 Metabolic Englaciation   Hex/Ice        1%         N/A       99%         5
 Statue Form              Tmut/Erth      1%         N/A       100%        6


Dungeon Overview and Level Annotations

Branches:
Dungeon (5/15)
 Temple: D:4-7

Altars:
Ashenzari
Cheibriados
Gozag
Xom
Zin

Shops:
D:3 *   D:4 *   D:5 =


Innate Abilities, Weirdness & Mutations

You cannot wear most types of armour.
You are amphibious.
You can wear up to eight rings at the same time.
Your skin changes colour to match your surroundings (Stealth+).
Your rubbery body absorbs attacks. (AC +1, EV +1)
((You are camouflaged when in or above water. (Stealth+)))
You have tentacles for arms and can constrict up to eight enemies at once.


Message History

You feel extremely sick.
Your orc wizard casts a spell at the white imp.
The white imp resists with significant effort.
You hear some strange, mumbled words.
Something tries to affect you, but you resist.
Aiming: Charm
Press: ? - help, Shift-Dir - straight line, p - orc wizard Nothing appears to happen.
You feel very sick.
Unknown command.
Aiming: Charm
Press: ? - help, Shift-Dir - straight line, f - adder
Aim: an adder (chance to affect: 66%) Nothing appears to happen.
You feel very sick.
Your orc wizard points at the white imp and mumbles some strange words.
The puff of flame hits the white imp.
The white imp is burned terribly!
Something hits you.
* * * LOW HITPOINT WARNING * * *
You are lethally poisoned!
Aiming: Charm
Press: ? - help, Shift-Dir - straight line, f/p - adder
Aim: an adder (chance to affect: 66%)
You detect the charmed orc wizard.
Reactivating autopickup.
* * * LOW HITPOINT WARNING * * *
You feel very sick. The adder misses your orc wizard.
Your orc wizard hits the white imp with a +2 dagger of venom.
The white imp dies!
The adder barely misses your orc wizard.
It was a potion of resistance.
You feel protected.
* * * LOW HITPOINT WARNING * * *
You feel very sick.
The adder closely misses your orc wizard.
It was a potion of might.
You feel very mighty all of a sudden.
You die...
Your body crumbles into a pile of gold.

.........##
..........##
...........####
...o..........#
...o.........#
.............#
.............#
.............#
......So@$...#
.........∩...#
.............#
.............#
.............#
........<....#
.............#
............#
............#


You could see an adder and 3 friendly orc wizards.

Vanquished Creatures
  A scorpion (D:4)
  A hound (D:4)
  A gnoll bouda (D:4)
  A jelly (D:3)
  2 iguanas (D:4)
  7 adders
  12 gnolls
  A worm (D:3)
  2 dart slugs
  5 orcs (D:3)
  3 ball pythons
  6 bats
  5 endoplasms
  A giant cockroach (D:1)
  10 goblins
  5 hobgoblins
  11 jackals
  5 kobolds
  2 quokkas
  3 frilled lizards
  5 rats
89 creatures vanquished.

Vanquished Creatures (collateral kills)
  An adder (D:3)
  A white imp (D:5)
  An orc (D:3)
3 creatures vanquished.

Grand Total: 92 creatures vanquished

Notes
Turn   | Place    | Note
-------+----------+-------------------------------------------
     0 | D:1      | H0rd4k the Octopode Artificer began the quest for the Orb.
     0 | D:1      | Reached XP level 1. HP: 13/13 MP: 1/1
    31 | D:1      | Found a faded altar of an unknown god.
   158 | D:1      | Reached skill level 1 in Spellcasting
   158 | D:1      | Reached XP level 2. HP: 10/18 MP: 3/3
  1165 | D:2      | Reached XP level 3. HP: 15/24 MP: 5/5
  1575 | D:2      | Reached skill level 1 in Unarmed Combat
  1839 | D:2      | Reached XP level 4. HP: 30/30 MP: 7/7
  2365 | D:3      | Learned a level 3 spell: Swiftness
  2484 | D:3      | Reached XP level 5. HP: 24/35 MP: 8/8
  2489 | D:3      | Reached skill level 2 in Unarmed Combat
  2961 | D:3      | Found Linaunte's Assorted Antiques.
  3123 | D:3      | Reached skill level 1 in Air Magic
  3153 | D:3      | Reached XP level 6. HP: 37/42 MP: 10/10
  3189 | D:3      | Found a shimmering altar of Xom.
  3266 | D:3      | Found a snail-covered altar of Cheibriados.
  3275 | D:3      | Found a glowing silver altar of Zin.
  3520 | D:4      | Found Gozag's Platinum Reserve.
  3524 | D:4      | Found an opulent altar of Gozag.
  3532 | D:4      | Became a worshipper of Gozag Ym Sagoz the Greedy
  3561 | D:4      | Reached skill level 3 in Unarmed Combat
  4209 | D:4      | Found a broken altar of Ashenzari.
  4320 | D:4      | Reached skill level 4 in Unarmed Combat
  4321 | D:4      | Reached XP level 7. HP: 26/46 MP: 11/11
  4445 | D:5      | Entered Level 5 of the Dungeon
  4445 | D:5      | Found Zion's Jewellery Shoppe.
  4466 | D:5      | HP: 1/47 [poisoned by an orc wizard]
  4467 | D:5      | Succumbed to an orc wizard's poison

Illustrated notes

Levels and vault maps discovered:
D:1:      minmay_arrival_radiant_lines, layout_loops_ring,
          basic_ecumenical_altar
D:2:      layout_basic, small_statue_intersection, grunt_ministairs_1,
          minmay_misc_feat_tower
D:3:      minmay_inner_zag, layout_basic, mainiacjoe_overflow_swirl,
          nicolae_overflow_crystal_walls, serial_shops, shop,
          nicolae_elevator_lobby_asterisk
D:4:      layout_basic, nicolae_gozag_zags_fifth_avenue, kennysheep_mini,
          serial_glass, glass_columns_a, glass_columns_b, glass_columns_a
D:5:      cheibrodos_helix_gallery, layout_layer_cave,
          nemelex_diamond_rough_becter, ebering_ghost_rock_garden, serial_shops,
          shop, grunt_ministairs_2

Skill      XL: |  1  2  3  4  5  6 |
---------------+-------------------+-----
Spellcasting   | 1 2 3 |  3.2
Fighting       | 2 3 |  3.6
Unarmed Combat | 1 2 4 |  4.4
Air Magic      | 1 |  1.1
Dodging        | |  2.3
Stealth        | |  1.3
Evocations     | |  3.2

Action                   |  1- 3 |  4- 6 |  7- 9 || total
-------------------------+-------+-------+-------++-------
Melee: Unarmed           |    61 |   136 |     5 ||   202
       Constrict         |    18 |    33 |     1 ||    52
       Tentacles         |    16 |    32 |       ||    48
       Punch             |       |     8 |       ||     8
Evoke: Wand              |     2 |    14 |    11 ||    27
  Use: Potion            |       |       |     2 ||     2
 Stab: Sleeping          |     6 |     8 |       ||    14
       Distracted        |       |     3 |       ||     3
Armor: Skin              |     5 |    14 |     2 ||    21
Dodge: Dodged            |    38 |   122 |     2 ||   162
